 Dungeon Sprint DCSS version 0.19.1-1-g22dce08 (webtiles) character file.

8540 Groucho the Blocker (level 11, -13/93 HPs)
             Began as a Formicid Fighter on Jan 6, 2017.
             Was the Champion of Cheibriados.
             Mangled by a sun demon (16 damage)
             ... summoned by an orc high priest
             ... in the Dungeon (Sprint IX: "|||||||||||||||||||||||||||||").
             The game lasted 00:04:38 (2920 turns).

Groucho the Blocker (Formicid Fighter)              Turns: 2920, Time: 00:04:38

Health: -13/93     AC: 26    Str: 36    XL:     11   Next: 57%
Magic:  20/20      EV: 19    Int: 23    God:    Cheibriados [******]
Gold:   671        SH: 17    Dex: 31    Spells: 0 memorised, 10 levels left

rFire  . . .     SeeInvis +     h - +2 halberd (protect)
rCold  . . .     Gourm    .     y - +2 chain mail {rPois}
rNeg   . . .     Faith    .     c - +0 shield
rPois  +         Spirit   .     (helmet unavailable)
rElec  .         Reflect  .     a - +0 cloak
rCorr  .         Harm     .     w - +0 pair of gloves
MR     +....                    f - +0 pair of boots
Stlth  ..........               (no amulet)
                                k - +3 ring of dexterity
                                b - +2 ring of evasion

@: protection aura, studying Fire Magic, very slow
A: permanent stasis, dig shafts and tunnels, four strong arms, antennae 3
a: Dig, Bend Time, Temporal Distortion, Slouch, Step From Time, Renounce
Religion


You were in the Dungeon.
You worshipped Cheibriados.
Cheibriados was exalted by your worship.
You were not hungry.

You visited 1 branch You collected 671 gold pieces.

Inventory:

Hand Weapons
 h - a +2 halberd of protection (weapon)
Missiles
 j - 6 javelins (quivered)
Armour
 a - a +0 cloak (worn)
 c - a +0 shield (worn)
 f - a +0 pair of boots (worn)
 w - a +0 pair of gloves (worn)
 y - a +2 chain mail of poison resistance (worn)
Jewellery
 b - a +2 ring of evasion (left hand)
 k - a +3 ring of dexterity (right hand)
Wands
 o - a wand of lightning (7/15)
Scrolls
 m - 4 scrolls of remove curse
 n - 2 scrolls of amnesia
 r - a scroll of fear
 s - 4 scrolls of enchant armour
Potions
 d - a potion of might
 e - a potion of resistance
 g - a potion of heal wounds
 i - 3 potions of magic
 l - 4 potions of curing
 p - a potion of cure mutation
 x - a potion of brilliance {unknown}
Books
 q - a manual of Fire Magic
Comestibles
 t - 40 fruits
 u - 12 bread rations
 v - 12 meat rations
 z - 9 chunks of flesh


   Skills:
 + Level 11.2 Fighting
 * Level 12.6 Polearms
 * Level 13.7 Armour
 + Level 7.2 Dodging
 * Level 14.7 Shields
 * Level 13.0 Invocations


You had 10 spell levels left.
You didn't know any spells.

Dungeon Overview and Level Annotations

Branches:
Dungeon (1/1)

Altars:
Cheibriados
Dithmenos
Elyvilon
Fedhas
Gozag
Hepliaklqana
Kikubaaqudgha
Makhleb
Nemelex Xobeh
Okawaru
Qazlal
Ru
Sif Muna
Trog
Uskayaw
Vehumet
Xom
Yredelemnul
Zin
The Shining One
Beogh
Jiyva
Lugonu


Innate Abilities, Weirdness & Mutations

You are under a permanent stasis effect.
You can dig through walls and to a lower floor.
Your four strong arms can wield two-handed weapons with a shield.
You have a pair of large antennae on your head. (SInv)


Message History

You barely miss the sun demon.
The sun demon is almost dead.
The sun demon hits you!
You are engulfed in flames!
* * * LOW HITPOINT WARNING * * *
Unknown command.
You are too injured to fight recklessly!
Unknown command.
You are too injured to fight recklessly!
Unknown command.
You closely miss the sun demon.
The sun demon is almost dead.
The sun demon hits you.
* * * LOW HITPOINT WARNING * * *
You are engulfed in flames!
* * * LOW HITPOINT WARNING * * *
The orc high priest prays.
The sun demon hits you.
* * * LOW HITPOINT WARNING * * *
You are engulfed in flames!
You die... { { { {{{{ ▓▓▓▓▓▓▓▓▓▓▓▓▓▓▓▓▓▓▓▓▓▓▓▓ {{{{{

{ .3oo4o3@)))...(.)......)
▓▓▓▓▓▓▓▓▓▓▓▓▓▓▓▓▓▓▓▓▓▓▓▓▓▓▓▓▓▓▓▓▓
..[..............................
▓▓▓▓▓▓▓▓▓▓▓▓▓▓▓▓▓▓▓▓▓▓▓▓▓▓▓▓▓▓▓▓▓
†††.††.........'.........'.?...(.
▓▓▓▓▓▓▓▓▓▓▓▓▓▓▓▓▓▓▓▓▓▓▓▓▓▓▓▓▓▓▓▓▓
.................................
▓▓▓▓▓▓▓▓▓▓▓▓▓▓▓▓▓▓▓▓▓▓▓▓▓▓▓▓▓▓▓▓▓
[)?..'._______________________'..


You could see an orc knight, an orc high priest, 2 sun demons, a chaos spawn and
an orc.

Vanquished Creatures
  2 hydras (D)
  Urug (D)
  A death drake (shapeshifter) (D)
  2 orc knights (D)
  An elephant (D)
  2 black mambas (D)
  2 spiny frogs (D)
  A hippogriff (D)
  A blink frog (D)
  A wyvern (D)
  A yak (D)
  4 wargs (D)
  2 hell hounds (D)
  2 water moccasins (D)
  2 porcupines (D)
  8 orc warriors (D)
  An ogre (D)
  A sky beast (D)
  2 wolves (D)
  2 crocodiles (D)
  3 centaurs (D)
  2 bullfrogs (D)
  A killer bee (D)
  A wight (D)
  2 orc priests (D)
  2 hounds (D)
  3 orc wizards (D)
  A worker ant (D)
  9 orcs (D)
  2 bats (D)
  A hobgoblin (D)
  A jackal (D)
  A ball python zombie (D)
  A frilled lizard (D)
  A goblin (D)
70 creatures vanquished.

Vanquished Creatures (others)
  An orc (D)
1 creature vanquished.

Grand Total: 71 creatures vanquished

Notes
Turn   | Place    | Note
-------+----------+-------------------------------------------
     0 | D        | Groucho the Formicid Fighter began the quest for the Orb.
     0 | D        | Reached XP level 1. HP: 18/18 MP: 1/1
    10 | D        | Reached skill level 4 in Shields
    18 | D        | Noticed a sky beast
    18 | D        | Noticed a worker ant
    18 | D        | Noticed a centaur
    18 | D        | Noticed a hound
    27 | D        | Killed a hound
    27 | D        | Reached skill level 5 in Shields
    27 | D        | Reached XP level 2. HP: 26/26 MP: 2/2
    27 | D        | Reached XP level 3. HP: 31/31 MP: 3/3
    38 | D        | Killed a centaur
    38 | D        | Reached skill level 6 in Shields
    38 | D        | Reached XP level 4. HP: 21/40 MP: 4/4
    38 | D        | Reached XP level 5. HP: 25/46 MP: 5/5
    48 | D        | Reached skill level 5 in Polearms
    62 | D        | Killed a sky beast
    62 | D        | Reached skill level 7 in Shields
    62 | D        | Reached XP level 6. HP: 5/55 MP: 6/6
   584 | D        | Found a roughly hewn altar of Beogh.
   584 | D        | Found a snail-covered altar of Cheibriados.
   584 | D        | Found a shadowy altar of Dithmenos.
   584 | D        | Found a white marble altar of Elyvilon.
   584 | D        | Found a blossoming altar of Fedhas.
   584 | D        | Found an opulent altar of Gozag.
   585 | D        | Found a hazy altar of Hepliaklqana.
   586 | D        | Found a viscous altar of Jiyva.
   587 | D        | Found an ancient bone altar of Kikubaaqudgha.
   588 | D        | Became a worshipper of Cheibriados the Contemplative
   589 | D        | Found a corrupted altar of Lugonu.
   590 | D        | Found a burning altar of Makhleb.
   591 | D        | Found a sparkling altar of Nemelex Xobeh.
   592 | D        | Found an iron altar of Okawaru.
   593 | D        | Found a stormy altar of Qazlal.
   594 | D        | Found a sacrificial altar of Ru.
   595 | D        | Found a deep blue altar of Sif Muna.
   596 | D        | Found a bloodstained altar of Trog.
   597 | D        | Found a hide-covered altar of Uskayaw.
   598 | D        | Found a radiant altar of Vehumet.
   599 | D        | Found a shimmering altar of Xom.
   600 | D        | Found a basalt altar of Yredelemnul.
   601 | D        | Found a glowing silver altar of Zin.
   602 | D        | Found a glowing golden altar of the Shining One.
   654 | D        | Noticed a hippogriff
   654 | D        | Noticed an orc warrior
   654 | D        | Noticed an ogre
   654 | D        | Noticed an orc warrior
   655 | D        | Reached skill level 8 in Shields
   655 | D        | Reached skill level 1 in Invocations
   662 | D        | Killed an orc warrior
   662 | D        | Reached * piety under Cheibriados
   662 | D        | Reached skill level 1 in Dodging
   668 | D        | Killed an ogre
   668 | D        | Reached skill level 9 in Shields
   668 | D        | Reached XP level 7. HP: 46/61 MP: 7/10
   673 | D        | Reached ** piety under Cheibriados
   673 | D        | Reached skill level 5 in Invocations
   682 | D        | Killed a hippogriff
   682 | D        | Reached skill level 10 in Shields
   682 | D        | Reached XP level 8. HP: 45/68 MP: 9/12
   889 | D        | Noticed a fire crab
   895 | D        | Reached *** piety under Cheibriados
   903 | D        | Noticed a death drake
   903 | D        | a fire crab changed into a death drake
   911 | D        | Killed a death drake
   911 | D        | Reached **** piety under Cheibriados
   911 | D        | Reached skill level 10 in Armour
   911 | D        | Reached skill level 11 in Shields
   911 | D        | Reached XP level 9. HP: 39/76 MP: 13/15
  1578 | D        | Noticed a black mamba
  1578 | D        | Noticed a four-headed hydra
  1580 | D        | Reached ***** piety under Cheibriados
  1580 | D        | Killed a black mamba
  1585 | D        | Killed a five-headed hydra
  1585 | D        | Reached skill level 10 in Polearms
  1585 | D        | Reached skill level 5 in Dodging
  1585 | D        | Reached skill level 12 in Shields
  1585 | D        | Reached skill level 10 in Invocations
  1585 | D        | Reached XP level 10. HP: 76/84 MP: 15/17
  1589 | D        | Noticed an elephant
  1590 | D        | Noticed a spiny frog
  1596 | D        | Killed an elephant
  1613 | D        | Killed a spiny frog
  1613 | D        | Reached skill level 10 in Fighting
  1968 | D        | Noticed a black mamba
  1968 | D        | Noticed a spiny frog
  1969 | D        | Noticed a four-headed hydra
  1976 | D        | Reached skill level 13 in Shields
  1976 | D        | Killed a black mamba
  1977 | D        | Killed a spiny frog
  1990 | D        | Killed a nine-headed hydra
  1990 | D        | Reached XP level 11. HP: 19/92 MP: 5/19
  2503 | D        | Reached ****** piety under Cheibriados
  2503 | D        | Reached skill level 14 in Shields
  2566 | D        | Noticed Urug
  2578 | D        | Killed Urug
  2862 | D        | Noticed an orc knight
  2864 | D        | Noticed an orc knight
  2875 | D        | Killed an orc knight
  2887 | D        | Killed an orc knight
  2896 | D        | Noticed an orc high priest
  2897 | D        | Noticed an orc knight
  2898 | D        | Noticed a sun demon
  2907 | D        | HP: 1/93 [orc warrior/halberd (6)]
  2913 | D        | Noticed a sun demon
  2920 | D        | HP: 3/93 [sun demon[an orc high priest] (6)]
  2920 | D        | Mangled by a sun demon

Skill      XL: |  1  2  3  4  5  6  7  8  9 10 11 |
---------------+----------------------------------+-----
Shields        | 5 6 7 9 10 11 12 13 14 | 14.7
Fighting       | 4 6 7 8 9 10 11 | 11.2
Polearms       | 3 4 6 7 8 9 10 11 12 | 12.6
Armour         | 4 6 7 8 9 10 11 12 13 | 13.7
Invocations    | 4 6 8 10 11 13 | 13.0
Dodging        | 2 3 4 5 6 7 |  7.2

Action                   |  1- 3 |  4- 6 |  7- 9 | 10-12 || total
-------------------------+-------+-------+-------+-------++-------
Melee: Trident           |    28 |    22 |       |       ||    50
       Halberd           |       |    14 |    35 |   137 ||   186
Invok: Slouch            |       |       |     3 |     6 ||     9
  Use: Potion            |       |     3 |     2 |     3 ||     8
 Stab: Invisible         |       |     2 |       |       ||     2
  Eat: Bread ration      |       |       |       |     1 ||     1
Armor: Scale mail        |    14 |     9 |    10 |    15 ||    48
       Chain mail        |       |       |       |     6 ||     6
Dodge: Dodged            |    11 |     5 |    21 |    50 ||    87
Block: Shield            |     9 |    12 |    23 |    89 ||   133
